AoeStats
← kkkg

Arena

508784632Analyzed
1v1 RM · 8d ago on Sep 24, 2026· 40m 54s· 2 players
Game mode
Random Map
Map size
Tiny (2 player)
Population
200
Speed
Normal
Resources
Standard
Victory
Conquest
Starting age
Dark Age
Ending age
Imperial Age
RankedLock teamsTeams togetherTeam positionsShared explorationLock speedFull tech treeHidden civsTurbo modeCheats
Victory
Defeat
🇨🇳 Burgundians · China
850
+15
🇨🇱 Mongols · Chile
830
-15
SirGeorgeWL
7:50 Loom
9:38 Feudal Age
8:37 Loom
10:04 Double-Bit Axe
11:23 Wheelbarrow
14:40 Horse Collar
22:32 Castle Age
22:17 Bloodlines
22:54 Forging
22:37 Fletching
23:00 Gold Mining
24:30 Bodkin Arrow
25:10 Iron Casting
24:41 Scale Barding Armor
26:30 Light Cavalry
28:42 Bow Saw
28:51 Crossbowman
30:08 Hand Cart
32:37 Husbandry
36:40 Imperial Age
37:26 Heavy Camel Rider
38:14 Bracer
38:50 Iron Casting
38:17 Padded Archer Armor
39:30 Ballistics
40:10 Chemistry
39:52 Hussar
kkkg
5:11 Double-Bit Axe
12:35 Feudal Age
13:51 Bow Saw
13:26 Horse Collar
16:46 Castle Age
17:40 Husbandry
17:01 Light Cavalry
19:52 Forging
22:07 Wheelbarrow
23:43 Gold Mining
23:44 Stone Mining
25:33 Two-Man Saw
26:23 Gold Shaft Mining
26:24 Stone Shaft Mining
28:26 Hand Cart
27:57 Loom
27:58 Town Watch
29:00 Treadmill Crane
32:00 Imperial Age
30:16 Ballistics
30:29 Scale Barding Armor
31:00 Iron Casting
30:18 Fletching
30:29 Padded Archer Armor
31:53 Burgundian Vineyards
33:07 Town Patrol
33:32 Conscription
32:35 Elite Coustillier
34:22 Blast Furnace
33:43 Chain Barding Armor
33:34 Bodkin Arrow
35:10 Chemistry
35:22 Masonry
35:53 Hoardings
37:07 Plate Barding Armor
37:34 Bracer
37:50 Leather Archer Armor
Connection lost

Rejoining the realm…

Still unreachable

The connection could not be restored.

Session expired

The server has moved on; the page needs a fresh start.